 Dungeon Crawl Stone Soup version bcrawl-1.34.4 (webtiles) character file.

Game seed: 11565298037159248721

110285 KristoblXynda the Skirmisher (level 3, -3/33 HPs)
             Began as a Draconian Gladiator on Oct 21, 2021.
             Slain by Grinder (6 damage)
             ... on level 3 of the Dungeon.
             The game lasted 00:04:15 (1981 turns).

KristoblXynda the Skirmisher (Draconian Gladiator)  Turns: 1981, Time: 00:04:16

Health: -3/33      AC:  7    Str: 17    XL:     3   Next: 98%
Magic:  3/3        EV: 15    Int:  8    God:
Gold:   111        SH:  1    Dex: 12    Spells: 2/2 levels left

rFire    + . .     SeeInvis .   a - +0 long sword
rCold    + . .     Gourm    .   (no shield)
rNeg     . . .     Faith    .   (armour unavailable)
rPois    +         Spirit   .   b - +1 hat
rElec    +         Reflect  .   (no cloak)
rCorr    +         Harm     .   (no gloves)
MR       +....                  j - +0 pair of boots
Stlth    +.........             (no amulet)
HPRegen  0.11/turn              n - +2 ring of evasion
MPRegen  0.08/turn              o - ring of protection from magic

@: swift, resistant, flying, very quick
A: unfitting armour, cold-blooded, AC +5
a: no special abilities


You were on level 3 of the Dungeon.
You were hungry.

You visited 1 branch of the dungeon, and saw 3 of its levels.

You collected 111 gold pieces.

Inventory:

Hand Weapons
 a - a +0 long sword (weapon)
Missiles
 c - 2 throwing nets (quivered) {=f}
Armour
 b - a +1 hat (worn)
 j - a +0 pair of boots (worn)
Jewellery
 n - a +2 ring of evasion (left hand)
 o - a ring of protection from magic (right hand)
Scrolls
 h - a scroll of teleportation {unknown}
 l - a scroll of fear {unknown}
 m - 2 scrolls of remove curse {unknown}
 p - a scroll of fog {unknown}
 q - a scroll of enchant armour {unknown}
Potions
 d - a potion of heal wounds
 k - a potion of degeneration {unknown}
 r - 2 potions of brilliance
Comestibles
 e - 8 rations {!d}


   Skills:
 + Level 3.9 Fighting
 * Level 3.9 Long Blades
 - Level 2.0 Throwing
 + Level 3.2 Dodging


You had 2 spell levels left.
You didn't know any spells.
Your spell library was empty.

Dungeon Overview and Level Annotations

Branches:
Dungeon (3/12)

Altars:
Cheibriados

Annotations:
D:3 Grinder


Innate Abilities, Weirdness & Mutations

Your plain brown scales are hard. (AC +5)
You cannot fit into any form of body armour.
You are cold-blooded and may be slowed by cold attacks.


Message History

You hit Grinder.
Your tail-slap misses Grinder.
Grinder is heavily wounded.
Grinder hits you.
You writhe in agony.
You hit Grinder.
Grinder is heavily wounded.
Grinder hits you.
You writhe in agony.
You slash Grinder!
Grinder is severely wounded.
Grinder barely misses you.
You closely miss Grinder.
Grinder is severely wounded.
Grinder barely misses you.
You hit Grinder.
Grinder is severely wounded.
Grinder hits you.
You writhe in agony.
* * * LOW HITPOINT WARNING * * *
Grinder hits you.
* * * LOW HITPOINT WARNING * * *
You writhe in agony.
You die...

......>...........#
...........##.#...#
...........##.#.#.#
...........##.#.#.#
##########<.....#.#
#......#.#.#
#.######.#.#
#.###....#.#
#........@(#
...#...5#....... ..
#....##..####
#...... ..# #..##..
.# #..# ##.. .# #..
.. # ## .##


You could see Grinder.

Vanquished Creatures
  2 worms
  3 dart slugs
  2 leopard geckos
  An orc (D:2)
  4 ball pythons
  3 bats
  2 giant cockroaches (D:2)
  6 goblins
  7 hobgoblins
  7 kobolds
  A quokka (D:1)
  3 frilled lizards
  7 rats
48 creatures vanquished.

Notes
Turn   | Place    | Note
-------+----------+-------------------------------------------
     0 | D:1      | KristoblXynda the Draconian Gladiator began the quest for
                  | the Orb.
     0 | D:1      | Reached XP level 1. HP: 19/19 MP: 1/1
   200 | D:1      | Reached XP level 2. HP: 26/26 MP: 2/2
   896 | D:2      | Found a snail-covered altar of Cheibriados.
   913 | D:2      | Reached XP level 3. HP: 29/33 MP: 3/3
  1949 | D:3      | Noticed Grinder
  1958 | D:3      | Paralysed by Grinder for 3 turns
  1981 | D:3      | Slain by Grinder

Skill      XL: |  1  2 |
---------------+-------+-----
Throwing       | 2 |  2.0
Dodging        | 3 |  3.2
Fighting       | |  3.9
Long Blades    | |  3.9

Action                   || total
-------------------------++-------
Melee: Long sword        ||   155
       Tailslap          ||    11
Throw: Throwing net      ||     1
  Use: Potion            ||     3
       Scroll            ||     1
  Eat: Chunk             ||     7
Armor: Skin              ||    46
Dodge: Dodged            ||   110
Block: Other             ||     5
